Staline vs Thunder
(R1)
Created - March 8, 2018 at 19:06
Goals
|
Staline |
3 |
3 |
3 |
9 |
Thunder |
0 |
2 |
1 |
3 |
|
Shots
|
Staline |
17 |
11 |
9 |
37 |
Thunder |
10 |
14 |
14 |
38 |
|
1st period
1. Staline , Brock Nelson 37 (Tyler Pitlick 27, Lars Eller 49) at 4:34
2. Staline , Brock Nelson 38 (Lars Eller 50) at 7:17 (PP)
3. Staline , Corey Trivino 17 (Jordan Szwarz 13, Philip Larsen 16) at 13:21
Penalties :
Cam Atkinson (TRO) for Hooking (Minor) at 7:16, Joe Labate (TRO) for Hooking (Minor) at 13:42
2nd period
4. Staline , Lars Eller 29 (Dustin Kohn 51, Tyler Pitlick 28) at 0:10
5. Staline , Danny Kristo 17 (Viktor Loov 14) at 2:21
6. Thunder , Dany Roussin 30 (David Fischer 39, Joey Ryan 15) at 14:09
7. Staline , Jordan Caron 14 (Dustin Kohn 52, David Desharnais 38) at 18:18
8. Thunder , Dany Roussin 31 (Adam Hall 32, Peter Andersson 5) at 19:55
Penalties :
No Penalty
3rd period
9. Staline , Tyler Pitlick 22 (Lars Eller 51, Dustin Kohn 53) at 2:28 (PP)
10. Staline , Nick Spaling 19 (Jordan Caron 17) at 3:01
11. Staline , Corey Trivino 18 (Jordan Szwarz 14, Bryan Bickell 13) at 4:17
12. Thunder , Daultan Leveillé 20 (Cam Atkinson 28) at 15:07 (PP)
Penalties :
Peter Andersson (TRO) for Roughing (Minor) at 2:11, Nikita Nesterov (StJ) for Tripping (Minor) at 14:01, Nick Spaling (StJ) for Goalie Interference (Minor) at 15:03
Goalie Stats
Allen York (StJ), 35 saves from 38 shots - (0.921), W, 28-14-6, 60:00 minutes
Devan Dubnyk (TRO), 7 saves from 11 shots - (0.636), 22:51 minutes
Jake Allen (TRO), 21 saves from 26 shots - (0.808), L, 2-6-0, 37:09 minutes
Players Stats for Staline
Player Name G A P +/- PIM S H SB GA TA FO MP PP MP PK MP
------------------------------------------------------------------------------------
Andrey Pedan 0 0 0 0 0 0 2 0 0 0 0/0 13:34 0:00 0:00
Brock Nelson 2 0 2 0 0 8 1 1 0 0 0/0 21:00 1:26 0:08
Bryan Bickell 0 1 1 2 0 0 2 0 0 0 0/0 9:41 0:00 0:59
Corey Trivino 2 0 2 2 0 2 0 0 1 0 2/3 9:36 0:00 0:48
Danny Kristo 1 0 1 1 0 2 0 1 0 1 0/0 11:37 0:00 0:00
David Desharnais 0 1 1 2 0 3 1 0 0 1 9/18 17:55 0:51 2:07
Dustin Kohn 0 3 3 4 0 4 1 3 0 0 0/0 26:27 1:37 2:26
James Sheppard 0 0 0 1 0 2 2 0 1 0 0/0 11:37 0:00 0:00
Jordan Caron 1 1 2 2 0 1 4 1 1 0 0/0 15:48 0:51 0:00
Jordan Szwarz 0 2 2 2 0 2 0 0 0 0 0/0 8:39 0:00 0:00
Lars Eller 1 3 4 0 0 2 7 0 1 0 20/35 20:52 1:26 0:00
Marek Zagrapan 0 0 0 1 0 2 3 2 0 0 1/4 12:25 0:00 0:54
Mike Reilly 0 0 0 1 0 1 1 1 0 1 0/0 19:59 0:40 0:35
Nick Spaling 1 0 1 2 2 5 0 0 0 0 0/2 16:52 0:51 1:01
Nikita Nesterov 0 0 0 0 2 0 1 0 0 1 0/0 13:33 0:00 0:00
Philip Larsen 0 1 1 4 0 0 1 0 0 1 0/0 26:27 1:37 2:26
Tyler Pitlick 1 2 3 0 0 3 0 1 1 0 0/2 20:52 1:26 0:00
Viktor Loov 0 1 1 1 0 0 1 1 0 1 0/0 19:59 0:40 0:35
Players Stats for Thunder
Player Name G A P +/- PIM S H SB GA TA FO MP PP MP PK MP
------------------------------------------------------------------------------------
Adam Hall 0 1 1 0 0 4 1 1 2 0 1/2 17:47 0:44 0:25
Austin Wuthrich 0 0 0 0 0 0 0 0 0 0 0/1 0:23 0:00 0:23
Brandon Saad 0 0 0 -1 0 2 0 0 0 0 0/0 7:17 0:00 0:00
Cam Atkinson 0 1 1 -4 2 3 3 0 0 1 7/9 25:25 2:17 1:27
Dany Roussin 2 0 2 0 0 8 2 1 0 0 0/0 18:08 0:44 0:45
Daultan Leveillé 1 0 1 -3 0 3 1 0 0 0 16/32 18:48 2:17 0:00
David Fischer 0 1 1 -1 0 3 2 1 1 0 0/0 27:01 2:22 1:34
David Wolf 0 0 0 0 0 0 1 0 0 0 0/0 4:58 0:00 0:00
Gianluca Curcuruto 0 0 0 -2 0 0 0 0 0 0 0/0 13:25 0:00 0:00
Jared Staal 0 0 0 -1 0 0 0 0 0 0 0/0 7:17 0:00 0:00
Joe Labate 0 0 0 0 2 2 2 0 0 0 6/15 17:22 0:44 0:00
Joey Ryan 0 1 1 -1 0 3 3 0 0 0 0/0 27:01 2:22 1:34
Mike Hoffman 0 0 0 -1 0 0 0 0 0 0 0/0 9:50 0:00 0:00
Mikko Vainonen 0 0 0 -2 0 1 1 3 0 2 0/0 13:25 0:00 0:00
Nikolay Prokhorkin 0 0 0 0 0 0 0 0 0 0 0/0 1:34 0:00 0:00
Peter Andersson 0 1 1 -2 2 0 0 1 0 1 0/0 19:33 0:39 0:43
Scott Parse 0 0 0 -3 0 4 1 1 1 1 0/1 20:11 2:17 1:23
Thomas Spelling 0 0 0 -1 0 3 1 0 1 0 0/0 14:15 0:00 0:00
Zach Redmond 0 0 0 -2 0 1 2 3 1 0 0/0 19:34 0:39 0:43
Zach Stepan 0 0 0 -1 0 1 0 0 0 0 2/4 14:26 0:00 0:11
3 Stars
1 - Lars Eller (StJ)
2 - Dustin Kohn (StJ)
3 - Jordan Caron (StJ)
Power Play
Staline - 2 on 3 Attempt(s) - 66.67%
Thunder - 1 on 2 Attempt(s) - 50.00%
Penalty Kill
Staline - 1 on 2 Attempt(s) - 50.00%
- Score 0 goal in Penalty Kill
Thunder - 1 on 3 Attempt(s) - 33.33%
- Score 0 goal in Penalty Kill
Team Stat
Staline - Hits : 27 - Faceoff Wins : 32 - Blocked Shots : 11 - Penalty Minutes : 4
Thunder - Hits : 20 - Faceoff Wins : 32 - Blocked Shots : 11 - Penalty Minutes : 6
Official
Referees : Jackson Dave and Kimmerly Greg
Linesman : Darren Gibbs and Lonnie Cameron
Game Notes
Devan Dubnyk enters game at 0:10 of 2nd period
Mike Hoffman is injured at 0:54 of 3rd period (Sprained Right Knee)
Jake Allen enters game at 3:01 of 3rd period
Finance
Level 1 -- Attendance: 1500 (75.00%) -- Ticket Income $60,000
Level 2 -- Attendance: 718 (71.80%) -- Ticket Income $14,360
Total Attendance: 2218 (73.93%)
Total Ticket Income: $74,360
Other Income: $3,718
Total Income: $78,078
Staline
5 vs 5 Forward
Center Left Wing Right Wing Time % Phy DF OF
1 Lars Eller Brock Nelson Tyler Pitlick 40 1 2 2
2 David Desharnais Nick Spaling Jordan Caron 30 1 2 2
3 Marek Zagrapan James Sheppard Danny Kristo 20 1 2 2
4 Corey Trivino Bryan Bickell Jordan Szwarz 10 1 2 2
5 vs 5 Defense
Defense Defense Time % Phy DF OF
1 Dustin Kohn Philip Larsen 40 1 2 2
2 Viktor Loov Mike Reilly 30 1 2 2
3 Andrey Pedan Nikita Nesterov 20 1 2 2
4 Dustin Kohn Philip Larsen 10 1 2 2
PowerPlay Forward
Center Left Wing Right Wing Time % Phy DF OF
1 Lars Eller Brock Nelson Tyler Pitlick 60 1 2 2
2 David Desharnais Nick Spaling Jordan Caron 40 1 2 2
PowerPlay Defense
Defense Defense Time % Phy DF OF
1 Dustin Kohn Philip Larsen 60 1 2 2
2 Viktor Loov Mike Reilly 40 1 2 2
Penalty Kill 4 Players Forward
Center Wing Time % Phy DF OF
1 David Desharnais Nick Spaling 60 1 2 2
2 Lars Eller Brock Nelson 40 1 2 2
Penalty Kill 4 Players Defense
Defense Defense Time % Phy DF OF
1 Dustin Kohn Philip Larsen 60 1 2 2
2 Viktor Loov Mike Reilly 40 1 2 2
Penalty Kill - 3 Players Forward
Forward Time % Phy DF OF
1 David Desharnais 60 1 2 2
2 Lars Eller 40 1 2 2
Penalty Kill - 3 Players Defense
Defense Defense Time % Phy DF OF
1 Dustin Kohn Philip Larsen 60 1 2 2
2 Viktor Loov Mike Reilly 40 1 2 2
4 vs 4 Forward
Center Wing Time % Phy DF OF
1 Lars Eller Tyler Pitlick 60 1 2 2
2 David Desharnais Brock Nelson 40 1 2 2
4 vs 4 Defense
Defense Defense Time % Phy DF OF
1 Dustin Kohn Philip Larsen 60 1 2 2
2 Viktor Loov Mike Reilly 40 1 2 2
Last Minutes Offensive
Center Left Wing Right Wing Defense Defense
Lars Eller Brock Nelson Tyler Pitlick Dustin Kohn Philip Larsen
Last Minutes Defensive
Center Left Wing Right Wing Defense Defense
Lars Eller Nick Spaling Tyler Pitlick Dustin Kohn Philip Larsen
Goaltenders
Starting : Allen York
Backup : Joni Ortio
Extra Forwards
Normal : Marek Zagrapan, James Sheppard, Corey Trivino - PP : Marek Zagrapan, James Sheppard - PK : Corey Trivino
Extra Defensemen
Normal : Andrey Pedan, Nikita Nesterov, Viktor Loov - PP : Andrey Pedan - PK : Nikita Nesterov, Viktor Loov
Penalty Shots
Nick Spaling, Lars Eller, David Desharnais, Brock Nelson, Jordan Caron
Scratches
Peter Holland (Healthy), Jiri Sekac (Healthy), Charles Hudon (Healthy), Barclay Goodrow (Healthy), David Musil (Healthy)
Stu Bickel (Right Ankle Injury), Darcy Kuemper (Healthy), Sean Maguire (Healthy)
Thunder
5 vs 5 Forward
Center Left Wing Right Wing Time % Phy DF OF
1 Daultan Leveillé Scott Parse Cam Atkinson 40 1 2 2
2 Joe Labate Dany Roussin Adam Hall 30 1 2 2
3 Zach Stepan Mike Hoffman Thomas Spelling 20 1 2 2
4 Cam Atkinson Brandon Saad Jared Staal 10 1 2 2
5 vs 5 Defense
Defense Defense Time % Phy DF OF
1 David Fischer Joey Ryan 40 1 2 2
2 Zach Redmond Peter Andersson 30 1 2 2
3 Mikko Vainonen Gianluca Curcuruto 20 1 2 2
4 David Fischer Joey Ryan 10 1 2 2
PowerPlay Forward
Center Left Wing Right Wing Time % Phy DF OF
1 Daultan Leveillé Scott Parse Cam Atkinson 60 1 2 2
2 Joe Labate Dany Roussin Adam Hall 40 1 2 2
PowerPlay Defense
Defense Defense Time % Phy DF OF
1 David Fischer Joey Ryan 60 1 2 2
2 Zach Redmond Peter Andersson 40 1 2 2
Penalty Kill 4 Players Forward
Center Wing Time % Phy DF OF
1 Cam Atkinson Scott Parse 60 1 2 2
2 Adam Hall Dany Roussin 40 1 2 2
Penalty Kill 4 Players Defense
Defense Defense Time % Phy DF OF
1 David Fischer Joey Ryan 60 1 2 2
2 Zach Redmond Peter Andersson 40 1 2 2
Penalty Kill - 3 Players Forward
Forward Time % Phy DF OF
1 Cam Atkinson 60 1 2 2
2 Scott Parse 40 1 2 2
Penalty Kill - 3 Players Defense
Defense Defense Time % Phy DF OF
1 David Fischer Joey Ryan 60 1 2 2
2 Zach Redmond Peter Andersson 40 1 2 2
4 vs 4 Forward
Center Wing Time % Phy DF OF
1 Cam Atkinson Scott Parse 60 1 2 2
2 Adam Hall Dany Roussin 40 1 2 2
4 vs 4 Defense
Defense Defense Time % Phy DF OF
1 David Fischer Joey Ryan 60 1 2 2
2 Zach Redmond Peter Andersson 40 1 2 2
Last Minutes Offensive
Center Left Wing Right Wing Defense Defense
Daultan Leveillé Scott Parse Cam Atkinson David Fischer Joey Ryan
Last Minutes Defensive
Center Left Wing Right Wing Defense Defense
Daultan Leveillé Scott Parse Cam Atkinson David Fischer Joey Ryan
Goaltenders
Starting : Jake Allen
Backup : Devan Dubnyk
Extra Forwards
Normal : David Wolf, Nikolay Prokhorkin, Austin Wuthrich - PP : David Wolf, Nikolay Prokhorkin - PK : Austin Wuthrich
Extra Defensemen
Normal : Mikko Vainonen, Gianluca Curcuruto, Zach Redmond - PP : Mikko Vainonen - PK : Gianluca Curcuruto, Zach Redmond
Penalty Shots
Cam Atkinson, Scott Parse, Adam Hall, Dany Roussin, Daultan Leveillé
Scratches
Jay Beagle (Suspend), Connor Hellebyuk (Healthy), Niklas Treutle (Healthy)
% Time on Ice - Staline
Lines # - Real PCT - Wanted PCT - Time Play
Normal Forward
1 - 36% - 40% - 19:29
2 - 27% - 30% - 14:57
3 - 21% - 20% - 11:37
4 - 16% - 10% - 8:39
Normal Defense
1 - 36% - 40% - 19:38
2 - 34% - 30% - 18:44
3 - 25% - 20% - 13:34
4 - 5% - 10% - 2:46
PP Forward
1 - 63% - 60% - 1:26
2 - 37% - 40% - 0:51
PP Defense
1 - 71% - 60% - 1:37
2 - 29% - 40% - 0:40
PK Forward
1 - 100% - 60% - 2:57
2 - 0% - 40% - 0:00
PK Defense
1 - 80% - 60% - 2:22
2 - 20% - 40% - 0:35
PK3 Forward
1 - 100% - 60% - 0:04
2 - 0% - 40% - 0:00
PK3 Defense
1 - 100% - 60% - 0:04
2 - 0% - 40% - 0:00
44 Forward
1 - 0% - 60%
2 - 0% - 40%
44 Defense
1 - 0% - 60%
2 - 0% - 40%
Last Minute Offensive - 0:00
Last Minute Defensive - 0:00
Total
Forward - 60:00
Defense - 60:00
|
% Time on Ice - Thunder
Lines # - Real PCT - Wanted PCT - Time Play
Normal Forward
1 - 30% - 40% - 16:32
2 - 30% - 30% - 16:38
3 - 26% - 20% - 14:15
4 - 13% - 10% - 7:17
Normal Defense
1 - 36% - 40% - 19:30
2 - 33% - 30% - 18:12
3 - 25% - 20% - 13:25
4 - 7% - 10% - 3:35
PP Forward
1 - 76% - 60% - 2:17
2 - 24% - 40% - 0:44
PP Defense
1 - 78% - 60% - 2:22
2 - 22% - 40% - 0:39
PK Forward
1 - 82% - 60% - 1:52
2 - 18% - 40% - 0:25
PK Defense
1 - 69% - 60% - 1:34
2 - 31% - 40% - 0:43
PK3 Forward
1 - 0% - 60%
2 - 0% - 40%
PK3 Defense
1 - 0% - 60%
2 - 0% - 40%
44 Forward
1 - 0% - 60%
2 - 0% - 40%
44 Defense
1 - 0% - 60%
2 - 0% - 40%
Last Minute Offensive - 0:00
Last Minute Defensive - 0:00
Total
Forward - 60:00
Defense - 60:00
|
Play by Play
1st period
0:01 of 1st period - Daultan Leveillé wins face-off versus Lars Eller in neutral zone.
0:08 of 1st period - Slapshot by Cam Atkinson.
0:08 of 1st period - Shot Misses the Net.
0:10 of 1st period - Wrist shot by Daultan Leveillé.
0:10 of 1st period - Stopped by Allen York with a rebound.
0:12 of 1st period - Slapshot by Joey Ryan.
0:12 of 1st period - Shot Misses the Net.
0:14 of 1st period - Slapshot by Joey Ryan.
0:14 of 1st period - Stopped by Allen York without a rebound.
0:15 of 1st period - Joe Labate wins face-off versus David Desharnais in Staline zone.
0:16 of 1st period - Snap shot by Adam Hall.
0:16 of 1st period - Shot Blocked by Jordan Caron.
0:30 of 1st period - Slapshot by Adam Hall.
0:30 of 1st period - Stopped by Allen York without a rebound.
0:31 of 1st period - Marek Zagrapan wins face-off versus Zach Stepan in Staline zone.
0:57 of 1st period - Cam Atkinson is hit by Lars Eller and loses puck.
1:06 of 1st period - Snap shot by Lars Eller.
1:06 of 1st period - Shot Misses the Net.
1:26 of 1st period - Slapshot by Dany Roussin.
1:26 of 1st period - Shot Blocked by Dustin Kohn.
1:44 of 1st period - Snap shot by Thomas Spelling.
1:44 of 1st period - Shot Misses the Net.
1:46 of 1st period - Slapshot by Mikko Vainonen.
1:46 of 1st period - Deflect By Nick Spaling.
1:46 of 1st period - Stopped by Allen York with a rebound.
1:48 of 1st period - Snap shot by Mike Hoffman.
1:48 of 1st period - Deflect By Thomas Spelling.
1:48 of 1st period - Shot Blocked by Viktor Loov.
1:48 of 1st period - Puck is out of play.
1:49 of 1st period - Cam Atkinson wins face-off versus Tyler Pitlick in Staline zone.
1:50 of 1st period - Slapshot by Brandon Saad.
1:50 of 1st period - Stopped by Allen York without a rebound.
1:51 of 1st period - Cam Atkinson wins face-off versus Lars Eller in Staline zone.
2:57 of 1st period - Wrist shot by Cam Atkinson.
2:57 of 1st period - Shot Misses the Net.
2:59 of 1st period - Slapshot by Scott Parse.
2:59 of 1st period - Stopped by Allen York without a rebound.
3:00 of 1st period - Daultan Leveillé wins face-off versus Lars Eller in Staline zone.
3:29 of 1st period - Snap shot by Daultan Leveillé.
3:29 of 1st period - Shot Misses the Net.
3:31 of 1st period - Snap shot by Cam Atkinson.
3:31 of 1st period - Deflect By Scott Parse.
3:31 of 1st period - Stopped by Allen York with a rebound.
3:33 of 1st period - Snap shot by Daultan Leveillé.
3:33 of 1st period - Shot Blocked by Tyler Pitlick.
4:09 of 1st period - Daultan Leveillé is hit by Lars Eller and loses puck.
4:22 of 1st period - Backhand shot by Brock Nelson.
4:22 of 1st period - Stopped by Jake Allen with a rebound.
4:26 of 1st period - Snap shot by Lars Eller.
4:26 of 1st period - Shot Hit the Post.
4:28 of 1st period - Wrist shot by Lars Eller.
4:28 of 1st period - Shot Misses the Net.
4:30 of 1st period - Snap shot by Lars Eller.
4:30 of 1st period - Shot Blocked by Peter Andersson.
4:32 of 1st period - Snap shot by Tyler Pitlick.
4:32 of 1st period - Stopped by Jake Allen with a rebound.
4:34 of 1st period - Slapshot by Brock Nelson.
4:34 of 1st period - Goal by Brock Nelson - Staline : 1 - Thunder : 0.
4:35 of 1st period - David Desharnais wins face-off versus Joe Labate in neutral zone.
5:02 of 1st period - James Sheppard is hit by Joey Ryan and loses puck.
5:11 of 1st period - Wrist shot by Mike Hoffman.
5:11 of 1st period - Deflect By Dustin Kohn.
5:11 of 1st period - Shot Misses the Net.
5:11 of 1st period - Puck is out of play.
5:12 of 1st period - David Desharnais wins face-off versus Joe Labate in Staline zone.
5:19 of 1st period - Snap shot by David Desharnais.
5:19 of 1st period - Stopped by Jake Allen with a rebound.
5:42 of 1st period - Off-side.
5:43 of 1st period - Zach Stepan wins face-off versus Marek Zagrapan in neutral zone.
5:52 of 1st period - Wrist shot by Mike Hoffman.
5:52 of 1st period - Shot Misses the Net.
6:43 of 1st period - Wrist shot by Nick Spaling.
6:43 of 1st period - Shot Blocked by Adam Hall.
6:45 of 1st period - Wrist shot by David Desharnais.
6:45 of 1st period - Shot Misses the Net.
7:01 of 1st period - Backhand shot by Brock Nelson.
7:01 of 1st period - Stopped by Jake Allen without a rebound.
7:02 of 1st period - Cam Atkinson wins face-off versus Lars Eller in Thunder zone.
7:11 of 1st period - Snap shot by Daultan Leveillé.
7:11 of 1st period - Stopped by Allen York with a rebound.
7:16 of 1st period - Minor Penalty to Cam Atkinson for Hooking.
7:17 of 1st period - Lars Eller wins face-off versus Austin Wuthrich in Thunder zone.
7:17 of 1st period - Snap shot by Brock Nelson.
7:17 of 1st period - Goal by Brock Nelson - Staline : 2 - Thunder : 0.
7:18 of 1st period - Joe Labate wins face-off versus Nick Spaling in neutral zone.
7:25 of 1st period - Joey Ryan is hit by Jordan Caron and loses puck.
7:44 of 1st period - David Fischer is hit by Brock Nelson.
7:48 of 1st period - Slapshot by Lars Eller.
7:48 of 1st period - Shot Misses the Net.
8:10 of 1st period - Wrist shot by Danny Kristo.
8:10 of 1st period - Shot Blocked by Zach Redmond.
8:12 of 1st period - Snap shot by James Sheppard.
8:12 of 1st period - Shot Misses the Net.
8:14 of 1st period - Wrist shot by James Sheppard.
8:14 of 1st period - Shot Misses the Net.
8:46 of 1st period - Dustin Kohn is hit by Zach Redmond and loses puck.
9:48 of 1st period - Snap shot by Cam Atkinson.
9:48 of 1st period - Shot Blocked by Danny Kristo.
11:09 of 1st period - Jordan Caron is hit by David Wolf and loses puck.
11:38 of 1st period - Daultan Leveillé is hit by Lars Eller and loses puck.
11:59 of 1st period - Snap shot by Scott Parse.
11:59 of 1st period - Deflect By Danny Kristo.
11:59 of 1st period - Shot Misses the Net.
11:59 of 1st period - Puck is out of play.
12:00 of 1st period - Joe Labate wins face-off versus Marek Zagrapan in Staline zone.
12:25 of 1st period - Zach Redmond is hit by Lars Eller and loses puck.
12:34 of 1st period - Slapshot by Lars Eller.
12:34 of 1st period - Shot Blocked by Mikko Vainonen.
12:36 of 1st period - Wrist shot by Tyler Pitlick.
12:36 of 1st period - Shot Misses the Net.
12:52 of 1st period - Snap shot by Dustin Kohn.
12:52 of 1st period - Deflect By Jordan Szwarz.
12:52 of 1st period - Stopped by Jake Allen without a rebound.
12:53 of 1st period - Daultan Leveillé wins face-off versus Corey Trivino in Thunder zone.
13:19 of 1st period - Wrist shot by Jordan Szwarz.
13:19 of 1st period - Stopped by Jake Allen with a rebound.
13:21 of 1st period - Wrist shot by Corey Trivino.
13:21 of 1st period - Goal by Corey Trivino - Staline : 3 - Thunder : 0.
13:22 of 1st period - Lars Eller wins face-off versus Scott Parse in neutral zone.
13:37 of 1st period - Snap shot by Tyler Pitlick.
13:37 of 1st period - Stopped by Jake Allen without a rebound.
13:38 of 1st period - David Desharnais wins face-off versus Joe Labate in Thunder zone.
13:42 of 1st period - Minor Penalty to Joe Labate for Hooking.
13:43 of 1st period - Cam Atkinson wins face-off versus Lars Eller in Thunder zone.
13:53 of 1st period - Snap shot by Dustin Kohn.
13:53 of 1st period - Stopped by Jake Allen without a rebound.
13:54 of 1st period - Lars Eller wins face-off versus Cam Atkinson in Thunder zone.
14:21 of 1st period - Scott Parse is hit by Jordan Caron and loses puck.
14:56 of 1st period - Wrist shot by Dany Roussin.
14:56 of 1st period - Stopped by Allen York with a rebound.
15:39 of 1st period - Icing by Nick Spaling.
15:40 of 1st period - David Desharnais wins face-off versus Cam Atkinson in Staline zone.
15:42 of 1st period - Penalty to Joe Labate is over, Joe Labate is back on ice.
15:42 of 1st period - Icing by Dustin Kohn.
15:43 of 1st period - Zach Stepan wins face-off versus Lars Eller in Staline zone.
15:44 of 1st period - Slapshot by Mike Hoffman.
15:44 of 1st period - Shot Misses the Net.
16:18 of 1st period - Slapshot by James Sheppard.
16:18 of 1st period - Shot Misses the Net.
16:20 of 1st period - Snap shot by Nick Spaling.
16:20 of 1st period - Shot Misses the Net.
16:22 of 1st period - Slapshot by Mike Reilly.
16:22 of 1st period - Shot Misses the Net.
17:12 of 1st period - Wrist shot by Lars Eller.
17:12 of 1st period - Shot Hit the Post.
17:14 of 1st period - Slapshot by Dustin Kohn.
17:14 of 1st period - Stopped by Jake Allen with a rebound.
17:26 of 1st period - Cam Atkinson is hit by Nikita Nesterov and loses puck.
17:51 of 1st period - Snap shot by Thomas Spelling.
17:51 of 1st period - Deflect By Mike Hoffman.
17:51 of 1st period - Shot Misses the Net.
17:51 of 1st period - Puck is out of play.
17:52 of 1st period - Lars Eller wins face-off versus Joe Labate in Staline zone.
17:52 of 1st period - Lars Eller is hit by Joe Labate.
18:22 of 1st period - Wrist shot by Nick Spaling.
18:22 of 1st period - Shot Blocked by Mikko Vainonen.
18:24 of 1st period - Slapshot by Viktor Loov.
18:24 of 1st period - Shot Misses the Net.
18:26 of 1st period - Snap shot by Nick Spaling.
18:26 of 1st period - Stopped by Jake Allen without a rebound.
18:27 of 1st period - David Desharnais wins face-off versus Daultan Leveillé in Thunder zone.
19:02 of 1st period - Snap shot by Brock Nelson.
19:02 of 1st period - Stopped by Jake Allen without a rebound.
19:03 of 1st period - Lars Eller wins face-off versus Daultan Leveillé in Thunder zone.
19:08 of 1st period - Slapshot by Lars Eller.
19:08 of 1st period - Stopped by Jake Allen with a rebound.
19:14 of 1st period - Snap shot by Brock Nelson.
19:14 of 1st period - Stopped by Jake Allen with a rebound.
19:16 of 1st period - Wrist shot by Mike Reilly.
19:16 of 1st period - Stopped by Jake Allen without a rebound.
19:17 of 1st period - Daultan Leveillé wins face-off versus David Desharnais in Thunder zone.
19:17 of 1st period - Daultan Leveillé is hit by Philip Larsen.
19:29 of 1st period - Slapshot by Daultan Leveillé.
19:29 of 1st period - Shot Misses the Net.
19:31 of 1st period - Slapshot by Joey Ryan.
19:31 of 1st period - Shot Blocked by Dustin Kohn.
19:33 of 1st period - Slapshot by David Fischer.
19:33 of 1st period - Stopped by Allen York without a rebound.
19:34 of 1st period - Lars Eller wins face-off versus Joe Labate in Staline zone.
19:47 of 1st period - Wrist shot by Adam Hall.
19:47 of 1st period - Shot Misses the Net.
Goals for this period are 3 for Staline vs 0 for Thunder.
Shots for this period are 17 for Staline vs 10 for Thunder.
2nd period
0:01 of 2nd period - Lars Eller wins face-off versus Daultan Leveillé in neutral zone.
0:08 of 2nd period - Slapshot by Dustin Kohn.
0:08 of 2nd period - Stopped by Jake Allen with a rebound.
0:10 of 2nd period - Snap shot by Lars Eller.
0:10 of 2nd period - Goal by Lars Eller - Staline : 4 - Thunder : 0.
0:10 of 2nd period - Devan Dubnyk enters game.
0:11 of 2nd period - Lars Eller wins face-off versus Daultan Leveillé in neutral zone.
0:13 of 2nd period - Off-side.
0:14 of 2nd period - Daultan Leveillé wins face-off versus Lars Eller in neutral zone.
0:17 of 2nd period - Philip Larsen is hit by Daultan Leveillé and loses puck.
1:18 of 2nd period - Wrist shot by James Sheppard.
1:18 of 2nd period - Stopped by Devan Dubnyk without a rebound.
1:19 of 2nd period - Cam Atkinson wins face-off versus Lars Eller in Thunder zone.
1:19 of 2nd period - Cam Atkinson is hit by Lars Eller.
2:11 of 2nd period - Snap shot by Danny Kristo.
2:11 of 2nd period - Shot Misses the Net.
2:21 of 2nd period - Wrist shot by Danny Kristo.
2:21 of 2nd period - Goal by Danny Kristo - Staline : 5 - Thunder : 0.
2:22 of 2nd period - Lars Eller wins face-off versus Daultan Leveillé in neutral zone.
2:47 of 2nd period - Nick Spaling is hit by Joey Ryan and loses puck.
3:12 of 2nd period - Wrist shot by Marek Zagrapan.
3:12 of 2nd period - Shot Blocked by Zach Redmond.
3:34 of 2nd period - Slapshot by Brandon Saad.
3:34 of 2nd period - Stopped by Allen York without a rebound.
3:35 of 2nd period - Lars Eller wins face-off versus Daultan Leveillé in Staline zone.
3:48 of 2nd period - Slapshot by Cam Atkinson.
3:48 of 2nd period - Shot Misses the Net.
3:50 of 2nd period - Wrist shot by Scott Parse.
3:50 of 2nd period - Stopped by Allen York with a rebound.
4:10 of 2nd period - Zach Stepan is hit by Andrey Pedan and loses puck.
5:00 of 2nd period - Snap shot by Mike Hoffman.
5:00 of 2nd period - Shot Blocked by Brock Nelson.
5:02 of 2nd period - Snap shot by Thomas Spelling.
5:02 of 2nd period - Stopped by Allen York without a rebound.
5:03 of 2nd period - David Desharnais wins face-off versus Daultan Leveillé in Staline zone.
5:14 of 2nd period - Wrist shot by Nick Spaling.
5:14 of 2nd period - Stopped by Devan Dubnyk with a rebound.
5:16 of 2nd period - Slapshot by Philip Larsen.
5:16 of 2nd period - Shot Misses the Net.
5:18 of 2nd period - Snap shot by Nick Spaling.
5:18 of 2nd period - Stopped by Devan Dubnyk with a rebound.
5:55 of 2nd period - Joey Ryan is hit by Bryan Bickell and loses puck.
6:24 of 2nd period - Daultan Leveillé is hit by James Sheppard and loses puck.
6:48 of 2nd period - Icing by Bryan Bickell.
6:49 of 2nd period - Corey Trivino wins face-off versus Joe Labate in Staline zone.
6:58 of 2nd period - Slapshot by Dany Roussin.
6:58 of 2nd period - Stopped by Allen York with a rebound.
7:00 of 2nd period - Snap shot by Joe Labate.
7:00 of 2nd period - Stopped by Allen York with a rebound.
7:02 of 2nd period - Snap shot by Dany Roussin.
7:02 of 2nd period - Deflect By Corey Trivino.
7:02 of 2nd period - Stopped by Allen York with a rebound.
7:04 of 2nd period - Snap shot by Joe Labate.
7:04 of 2nd period - Stopped by Allen York with a rebound.
7:40 of 2nd period - Snap shot by Mike Hoffman.
7:40 of 2nd period - Shot Misses the Net.
7:42 of 2nd period - Snap shot by Thomas Spelling.
7:42 of 2nd period - Stopped by Allen York without a rebound.
7:43 of 2nd period - Joe Labate wins face-off versus Lars Eller in Staline zone.
8:49 of 2nd period - Jared Staal is hit by Marek Zagrapan and loses puck.
8:56 of 2nd period - Backhand shot by James Sheppard.
8:56 of 2nd period - Shot Misses the Net.
8:58 of 2nd period - Snap shot by Marek Zagrapan.
8:58 of 2nd period - Stopped by Devan Dubnyk without a rebound.
8:59 of 2nd period - Lars Eller wins face-off versus Joe Labate in Thunder zone.
9:00 of 2nd period - Slapshot by Brock Nelson.
9:00 of 2nd period - Stopped by Devan Dubnyk without a rebound.
9:01 of 2nd period - Lars Eller wins face-off versus Joe Labate in Thunder zone.
9:10 of 2nd period - Slapshot by Brock Nelson.
9:10 of 2nd period - Stopped by Devan Dubnyk without a rebound.
9:11 of 2nd period - Lars Eller wins face-off versus Daultan Leveillé in Thunder zone.
9:36 of 2nd period - Jordan Caron is hit by Joe Labate and loses puck.
10:47 of 2nd period - Snap shot by Adam Hall.
10:47 of 2nd period - Stopped by Allen York with a rebound.
11:20 of 2nd period - Snap shot by Mike Hoffman.
11:20 of 2nd period - Shot Blocked by Marek Zagrapan.
11:22 of 2nd period - Wrist shot by Mike Hoffman.
11:22 of 2nd period - Shot Blocked by Marek Zagrapan.
11:24 of 2nd period - Slapshot by Gianluca Curcuruto.
11:24 of 2nd period - Shot Blocked by Mike Reilly.
12:09 of 2nd period - Mike Reilly is hit by David Fischer and loses puck.
12:47 of 2nd period - Off-side.
12:48 of 2nd period - Daultan Leveillé wins face-off versus Marek Zagrapan in neutral zone.
13:11 of 2nd period - Wrist shot by Dany Roussin.
13:11 of 2nd period - Stopped by Allen York without a rebound.
13:12 of 2nd period - Lars Eller wins face-off versus Joe Labate in Staline zone.
13:41 of 2nd period - Snap shot by Dany Roussin.
13:41 of 2nd period - Stopped by Allen York with a rebound.
14:09 of 2nd period - Wrist shot by Dany Roussin.
14:09 of 2nd period - Goal by Dany Roussin - Staline : 5 - Thunder : 1.
14:10 of 2nd period - David Desharnais wins face-off versus Daultan Leveillé in neutral zone.
14:10 of 2nd period - David Desharnais is hit by Cam Atkinson.
15:04 of 2nd period - Brandon Saad is hit by Bryan Bickell and loses puck.
15:21 of 2nd period - Adam Hall is hit by Lars Eller and loses puck.
15:44 of 2nd period - Wrist shot by David Desharnais.
15:44 of 2nd period - Stopped by Devan Dubnyk with a rebound.
15:58 of 2nd period - Snap shot by Mike Hoffman.
15:58 of 2nd period - Shot Misses the Net.
16:04 of 2nd period - Thomas Spelling is hit by James Sheppard and loses puck.
16:19 of 2nd period - Bryan Bickell is hit by Dany Roussin and loses puck.
16:26 of 2nd period - Slapshot by Viktor Loov.
16:26 of 2nd period - Shot Blocked by Mikko Vainonen.
16:43 of 2nd period - Brandon Saad is hit by David Desharnais and loses puck.
17:10 of 2nd period - Snap shot by Brock Nelson.
17:10 of 2nd period - Shot Blocked by Zach Redmond.
17:12 of 2nd period - Wrist shot by Lars Eller.
17:12 of 2nd period - Deflect By Adam Hall.
17:12 of 2nd period - Shot Blocked by Dany Roussin.
17:12 of 2nd period - Puck is out of play.
17:13 of 2nd period - Lars Eller wins face-off versus Daultan Leveillé in Thunder zone.
17:52 of 2nd period - Icing by Nikita Nesterov.
17:53 of 2nd period - Daultan Leveillé wins face-off versus David Desharnais in Staline zone.
18:14 of 2nd period - Backhand shot by David Desharnais.
18:14 of 2nd period - Shot Hit the Post.
18:16 of 2nd period - Slapshot by Dustin Kohn.
18:16 of 2nd period - Shot Blocked by Scott Parse.
18:18 of 2nd period - Snap shot by Jordan Caron.
18:18 of 2nd period - Goal by Jordan Caron - Staline : 6 - Thunder : 1.
18:19 of 2nd period - Daultan Leveillé wins face-off versus Lars Eller in neutral zone.
18:51 of 2nd period - Snap shot by Adam Hall.
18:51 of 2nd period - Stopped by Allen York with a rebound.
19:55 of 2nd period - Wrist shot by Dany Roussin.
19:55 of 2nd period - Goal by Dany Roussin - Staline : 6 - Thunder : 2.
19:56 of 2nd period - Lars Eller wins face-off versus Daultan Leveillé in neutral zone.
Goals for this period are 3 for Staline vs 2 for Thunder.
Shots for this period are 11 for Staline vs 14 for Thunder.
3rd period
0:01 of 3rd period - Daultan Leveillé wins face-off versus Lars Eller in neutral zone.
0:04 of 3rd period - Slapshot by Joey Ryan.
0:04 of 3rd period - Stopped by Allen York with a rebound.
0:06 of 3rd period - Slapshot by Cam Atkinson.
0:06 of 3rd period - Stopped by Allen York with a rebound.
0:08 of 3rd period - Slapshot by David Fischer.
0:08 of 3rd period - Stopped by Allen York with a rebound.
0:10 of 3rd period - Backhand shot by David Fischer.
0:10 of 3rd period - Shot Misses the Net.
0:35 of 3rd period - Slapshot by Adam Hall.
0:35 of 3rd period - Stopped by Allen York with a rebound.
0:37 of 3rd period - Slapshot by Adam Hall.
0:37 of 3rd period - Shot Misses the Net.
0:53 of 3rd period - Mike Hoffman is hit by Viktor Loov and loses puck.
0:54 of 3rd period - Mike Hoffman from Thunder is injured at 0:54 of 3rd period (Sprained Right Knee).
0:55 of 3rd period - Lars Eller wins face-off versus Daultan Leveillé in Thunder zone.
2:11 of 3rd period - Minor Penalty to Peter Andersson for Roughing.
2:12 of 3rd period - Cam Atkinson wins face-off versus Lars Eller in Thunder zone.
2:26 of 3rd period - Snap shot by Lars Eller.
2:26 of 3rd period - Shot Misses the Net.
2:28 of 3rd period - Snap shot by Tyler Pitlick.
2:28 of 3rd period - Goal by Tyler Pitlick - Staline : 7 - Thunder : 2.
2:29 of 3rd period - Lars Eller wins face-off versus Daultan Leveillé in neutral zone.
3:01 of 3rd period - Wrist shot by Nick Spaling.
3:01 of 3rd period - Goal by Nick Spaling - Staline : 8 - Thunder : 2.
3:01 of 3rd period - Jake Allen enters game.
3:02 of 3rd period - Daultan Leveillé wins face-off versus Lars Eller in neutral zone.
3:07 of 3rd period - Dustin Kohn is hit by David Fischer and loses puck.
3:28 of 3rd period - Dany Roussin is hit by Jordan Caron and loses puck.
3:37 of 3rd period - Slapshot by David Desharnais.
3:37 of 3rd period - Stopped by Jake Allen with a rebound.
4:03 of 3rd period - Wrist shot by Thomas Spelling.
4:03 of 3rd period - Shot Misses the Net.
4:17 of 3rd period - Wrist shot by Corey Trivino.
4:17 of 3rd period - Goal by Corey Trivino - Staline : 9 - Thunder : 2.
4:18 of 3rd period - Lars Eller wins face-off versus Daultan Leveillé in neutral zone.
4:51 of 3rd period - Wrist shot by Zach Stepan.
4:51 of 3rd period - Deflect By David Wolf.
4:51 of 3rd period - Shot Misses the Net.
4:51 of 3rd period - Puck is out of play.
4:52 of 3rd period - Daultan Leveillé wins face-off versus David Desharnais in Staline zone.
5:05 of 3rd period - Snap shot by Scott Parse.
5:05 of 3rd period - Shot Misses the Net.
5:07 of 3rd period - Slapshot by David Fischer.
5:07 of 3rd period - Deflect By David Desharnais.
5:07 of 3rd period - Stopped by Allen York with a rebound.
8:14 of 3rd period - Andrey Pedan is hit by Joey Ryan and loses puck.
8:30 of 3rd period - Dustin Kohn is hit by Dany Roussin and loses puck.
8:53 of 3rd period - Dustin Kohn is hit by Cam Atkinson and loses puck.
8:58 of 3rd period - Wrist shot by James Sheppard.
8:58 of 3rd period - Stopped by Jake Allen with a rebound.
9:00 of 3rd period - Wrist shot by Danny Kristo.
9:00 of 3rd period - Stopped by Jake Allen with a rebound.
9:02 of 3rd period - Slapshot by Andrey Pedan.
9:02 of 3rd period - Shot Blocked by David Fischer.
9:08 of 3rd period - Danny Kristo is hit by Cam Atkinson and loses puck.
10:04 of 3rd period - Joe Labate is hit by Mike Reilly and loses puck.
10:22 of 3rd period - Tyler Pitlick is hit by Mikko Vainonen and loses puck.
10:43 of 3rd period - Slapshot by Dustin Kohn.
10:43 of 3rd period - Stopped by Jake Allen with a rebound.
10:49 of 3rd period - Philip Larsen is hit by Thomas Spelling and loses puck.
11:11 of 3rd period - Thomas Spelling is hit by Andrey Pedan and loses puck.
11:36 of 3rd period - Snap shot by Nick Spaling.
11:36 of 3rd period - Stopped by Jake Allen without a rebound.
11:37 of 3rd period - Lars Eller wins face-off versus Adam Hall in Thunder zone.
12:06 of 3rd period - Scott Parse is hit by Jordan Caron and loses puck.
12:30 of 3rd period - Snap shot by Marek Zagrapan.
12:30 of 3rd period - Stopped by Jake Allen with a rebound.
12:46 of 3rd period - Dustin Kohn is hit by Zach Redmond and loses puck.
12:51 of 3rd period - Snap shot by Dany Roussin.
12:51 of 3rd period - Stopped by Allen York with a rebound.
12:53 of 3rd period - Slapshot by Zach Redmond.
12:53 of 3rd period - Stopped by Allen York without a rebound.
12:54 of 3rd period - Adam Hall wins face-off versus Tyler Pitlick in Staline zone.
12:54 of 3rd period - Adam Hall is hit by Lars Eller.
12:56 of 3rd period - Snap shot by Dany Roussin.
12:56 of 3rd period - Shot Misses the Net.
13:20 of 3rd period - Snap shot by Thomas Spelling.
13:20 of 3rd period - Stopped by Allen York with a rebound.
13:22 of 3rd period - Snap shot by Zach Stepan.
13:22 of 3rd period - Stopped by Allen York without a rebound.
13:23 of 3rd period - David Desharnais wins face-off versus Daultan Leveillé in Staline zone.
14:01 of 3rd period - Minor Penalty to Nikita Nesterov for Tripping.
14:02 of 3rd period - Daultan Leveillé wins face-off versus Nick Spaling in Staline zone.
14:16 of 3rd period - Icing by Scott Parse.
14:17 of 3rd period - David Desharnais wins face-off versus Daultan Leveillé in Thunder zone.
14:26 of 3rd period - Wrist shot by Cam Atkinson.
14:26 of 3rd period - Stopped by Allen York without a rebound.
14:27 of 3rd period - Daultan Leveillé wins face-off versus David Desharnais in Staline zone.
14:41 of 3rd period - Off-side.
14:42 of 3rd period - Daultan Leveillé wins face-off versus David Desharnais in neutral zone.
14:53 of 3rd period - Slapshot by Scott Parse.
14:53 of 3rd period - Stopped by Allen York with a rebound.
14:55 of 3rd period - Slapshot by Joey Ryan.
14:55 of 3rd period - Deflect By Nick Spaling.
14:55 of 3rd period - Stopped by Allen York with a rebound.
15:03 of 3rd period - Minor Penalty to Nick Spaling for Goalie Interference.
15:04 of 3rd period - Daultan Leveillé wins face-off versus David Desharnais in Staline zone.
15:05 of 3rd period - Snap shot by Cam Atkinson.
15:05 of 3rd period - Shot Blocked by Dustin Kohn.
15:07 of 3rd period - Wrist shot by Daultan Leveillé.
15:07 of 3rd period - Goal by Daultan Leveillé - Staline : 9 - Thunder : 3.
15:08 of 3rd period - Daultan Leveillé wins face-off versus David Desharnais in neutral zone.
16:50 of 3rd period - Philip Larsen is hit by Scott Parse.
16:54 of 3rd period - David Fischer is hit by Marek Zagrapan and loses puck.
17:03 of 3rd period - Penalty to Nick Spaling is over, Nick Spaling is back on ice.
18:10 of 3rd period - Mike Reilly is hit by Adam Hall.
18:21 of 3rd period - Off-side.
18:22 of 3rd period - Corey Trivino wins face-off versus Zach Stepan in neutral zone.
18:45 of 3rd period - Off-side.
18:46 of 3rd period - Cam Atkinson wins face-off versus Lars Eller in neutral zone.
19:13 of 3rd period - Gianluca Curcuruto is hit by Marek Zagrapan and loses puck.
19:43 of 3rd period - Slapshot by Cam Atkinson.
19:43 of 3rd period - Stopped by Allen York without a rebound.
19:44 of 3rd period - Joe Labate wins face-off versus Lars Eller in Staline zone.
19:44 of 3rd period - Joe Labate is hit by Dustin Kohn.
19:57 of 3rd period - Off-side.
19:58 of 3rd period - Joe Labate wins face-off versus David Desharnais in neutral zone.
Goals for this period are 3 for Staline vs 1 for Thunder.
Shots for this period are 9 for Staline vs 14 for Thunder.
Back to the Top